 Dungeon Crawl Stone Soup version 0.29-a0-885-gb26ba3297d (webtiles) character file.

Game seed: 11405482447008540455

17906 alksdfjalsdfasdf the Marksdemigod (level 11, -1/74 HPs)
             Began as a Demigod Conjurer on July 21, 2022.
             Slain by a shadow (17 damage)
             ... on level 12 of the Dungeon.
             The game lasted 00:20:58 (10630 turns).

alksdfjalsdfasdf the Marksdemigod (DgCj)           Turns: 10630, Time: 00:20:58

Health: -1/74      AC: 11    Str: 14    XL:     11   Next: 96%
Magic:  21/21      EV: 18    Int: 25    God:
Gold:   640        SH:  0    Dex: 24    Spells: 17/18 levels left

rFire   . . .      SeeInvis .   s - +11 sling of Income {flame, Int+5}
rCold   . . .      Faith    .   (no shield)
rNeg    . . .      Spirit   .   T - +0 troll leather armour
rPois   +          Reflect  .   G - +0 helmet
rElec   .          Harm     .   H - +0 cloak {rPois}
rCorr   +          Rampage  .   j - +0 pair of gloves
Will    +....                   (no boots)
Stlth   ++........              o - amulet of the acrobat
HPRegen 1.02/turn               e - +4 ring of protection
MPRegen 0.17/turn               L - ring "Louxicat" {rCorr Str+6}

@: hasted, studying Shields, very quick
A: high MP 1, forlorn, divine attributes
a: no special abilities


You were on level 12 of the Dungeon.
You visited 1 branch of the dungeon, and saw 12 of its levels.
You also visited: Bailey.

You collected 640 gold pieces.

Inventory:

Hand Weapons
 s - the +11 sling of Income (weapon) {flame, Int+5}
   (You found it on level 3 of the Dungeon)

   Any ammunition fired from it burns those it strikes, dealing additional fire
   damage.
   Int:       It affects your intelligence (+5).
 M - a +0 arbalest
 N - a +0 short sword of holy wrath
 O - a +1 dagger of flaming
Missiles
 r - 52 poisoned darts
 w - 4 curare-tipped darts
Armour
 j - a +0 pair of gloves (worn)
 F - a +2 robe of positive energy
 G - a +0 helmet (worn)
 H - a +0 cloak of poison resistance (worn)
 T - a +0 troll leather armour (worn)
Jewellery
 e - a +4 ring of protection (left hand)
 o - an amulet of the acrobat (around neck)
 L - the ring "Louxicat" (right hand) {rCorr Str+6}
   (You found it in a bailey)

   [ring of strength]

   Str:       It affects your strength (+6).
   rCorr:     It protects you from acid and corrosion.
 S - a ring of protection from fire
Wands
 A - a wand of paralysis (14)
 C - a wand of iceblast (7)
 K - a wand of acid (4)
 Q - a wand of flame (32)
Scrolls
 c - 6 scrolls of enchant weapon
 g - 4 scrolls of poison {unknown}
 m - 3 scrolls of magic mapping {unknown}
 p - 2 scrolls of butterflies {unknown}
 q - a scroll of noise {unknown}
 t - 4 scrolls of teleportation {unknown}
 v - 2 scrolls of fear {unknown}
 y - a scroll of silence {unknown}
 z - 2 scrolls of immolation {unknown}
 B - a scroll of summoning {unknown}
 D - a scroll of brand weapon {unknown}
 J - 10 scrolls of identify {unknown}
 P - a scroll of enchant armour {unknown}
 R - 2 scrolls of vulnerability {unknown}
 U - 3 scrolls of blinking {unknown}
Potions
 a - 3 potions of resistance {unknown}
 b - 3 potions of brilliance {unknown}
 d - 3 potions of haste
 f - 2 potions of flight {unknown}
 h - 6 potions of curing
 i - 3 potions of berserk rage {unknown}
 k - 3 potions of heal wounds {unknown}
 l - 2 potions of cancellation {unknown}
 n - a potion of degeneration {unknown}
 u - 3 potions of magic
 E - 3 potions of attraction {unknown}
 I - 2 potions of lignification {unknown}
Miscellaneous
 x - a lightning rod (4/4)


   Skills:
 * Level 16.1 Ranged Weapons
 + Level 7.8 Dodging
 - Level 1.7 Stealth
 - Level 4.2 Spellcasting
 - Level 4.0 Conjurations


You had 17 spell levels left.
You knew the following spells:

 Your Spells              Type           Power      Damage    Failure   Level
a - Magic Dart            Conj           100%       1d8       2%          1

Your spell library contained the following spells:

 Spells                   Type           Power      Damage    Failure   Level
 Searing Ray              Conj           50%        2d6       3%          2
 Static Discharge         Conj/Air       15%        3-5/arc   8%          2
 Dazzling Flash           Conj/Hex       30%        N/A       16%         3
 Summon Guardian Golem    Hex/Summ       5%         N/A       34%         3
 Fulminant Prism          Conj/Hex       7%         3d7       45%         4
 Iskenderun's Mystic Bla  Conj/Tloc      15%        2d5       45%         4
 Sticky Flame             Conj/Fire      15%        2d4       45%         4
 Dispel Undead            Necr           5%         3d7       75%         4
 Leda's Liquefaction      Hex/Erth       2%         N/A       75%         4
 Lee's Rapid Deconstruct  Erth           2%         3d6*      97%         5
 Statue Form              Tmut/Erth      3%         N/A       100%        6
 Malign Gateway           Summ/Tloc      2%         N/A       100%        7
 Orb of Destruction       Conj           12%        9d7       100%        7
 Spellforged Servitor     Conj/Summ      7%         N/A       100%        7
 Summon Horrible Things   Summ           2%         N/A       100%        8


Dungeon Overview and Level Annotations

Branches:
Dungeon (12/15)            Temple (0/1) D:5            Lair (0/5) D:9
    Orc (0/2) D:10         Bailey (visited)

Shops:
D:6 !   D:9 ?   D:10 *   D:12 [

Annotations:
D:4 4 runed translucent doors


Innate Abilities, Weirdness & Mutations

You have an increased reservoir of magic. (+10% MP)
You shall have no god before yourself.
Your divine heritage dramatically boosts your attributes as you level up.


Message History

The very large slime creature seems to be corroded for longer.
The very large slime creature is severely wounded.
The very large slime creature hits you!!!
Ouch! That really hurt!
Unknown command.
Aiming: Corrosive Bolt
Press: ? - help, Shift-Dir - straight line, f/p - very large slime creature
Aim: a very large slime creature (severely wounded, covered in acid, 94% to hit)
The bolt of acid hits the very large slime creature!
The very large slime creature seems to be corroded for longer.
The very large slime creature is severely wounded.
The very large slime creature hits you!!
* * * LOW HITPOINT WARNING * * *
Unknown command.
Unknown command.
Okay, then.
You feel yourself speed up.
A very large slime creature splits.
Found 18 gold pieces.
A shadow comes into view.
The shadow slips into darkness.
The shadow flickers and vanishes!
Deactivating autopickup; reactivate with Ctrl-A.
Aiming: Corrosive Bolt
Press: ? - help, Shift-Dir - straight line, f/p - large slime creature
Aim: a large slime creature (severely wounded, covered in acid, 94% to hit)
The bolt of acid hits something!
The acid corrodes something!
The bolt of acid hits the slime creature!
The slime creature seems to be corroded for longer.
The slime creature is severely wounded.
The bolt of acid hits the large slime creature!
The large slime creature is severely wounded.
Aiming: Corrosive Bolt
Press: ? - help, Shift-Dir - straight line, f/p - large slime creature
Aim: a large slime creature (severely wounded, covered in acid, 94% to hit)
The bolt of acid hits something!
Something seems to be corroded for longer.
The bolt of acid hits the slime creature!
The slime creature is almost dead.
The shadow strikes at you from the darkness!
You die...

..# #...#.##..............#.###..
..###...#........................
.>#.#...#............##........
##......#......................
##........(.................
#..........................
#...........#......^......
#........##.#...........
....#........J..@.....#..>
###.#.......J........##
......................
###.....#.##..##.......
.......#...### .......
.......#... #.###.. #........# ##
. ... ..#


You could see a large slime creature (corroded) and a slime creature (corroded).

Vanquished Creatures
  3 hydras
  A boulder beetle (D:11)
  4 two-headed ogres
  An ugly thing (D:12)
  A manticore (D:11)
  An unseen horror (D:10)
  2 gargoyles
  3 kobold demonologists (D:9)
  A troll (D:11)
  10 slime creatures
  Grinder (D:3)
  Prince Ribbit (D:7)
  A spriggan (shapeshifter) (D:8)
  7 yaks (D:9)
  A wraith (D:9)
  A wyvern (D:9)
  2 basilisks (D:9)
  6 vampire mosquitoes
  2 acid dragons
  3 water moccasins
  Duvessa (D:6)
  13 orc warriors
  3 sky beasts
  2 black bears
  An ogre (D:5)
  9 centaurs (Bailey)
  A phantom (D:4)
  8 kobold brigands
  4 necrophages
  3 bullfrogs
  2 scorpions
  Dowan (D:6)
  A killer bee (D:8)
  6 howler monkeys
  5 hounds
  2 jellies
  Crazy Yiuf (D:6)
  6 orc priests
  15 orc wizards
  4 iguanas
  A mummy (D:6)
  A river rat (D:3)
  9 adders
  A shadow imp (D:8)
  A white imp (D:7)
  2 ufetubi
  4 worms
  A dart slug (D:4)
  59 orcs
  11 endoplasms
  3 giant cockroaches
  6 goblins
  7 hobgoblins
  9 jackals
  2 quokkas
  7 ball pythons
  9 bats
  6 frilled lizards
  29 kobolds
  7 rats
315 creatures vanquished.

Vanquished Creatures (others)
  A human (D:7)
1 creature vanquished.

Grand Total: 316 creatures vanquished

Notes
Turn   | Place    | Note
-------+----------+-------------------------------------------
     0 | D:1      | alksdfjalsdfasdf the Demigod Conjurer began the quest for
                  | the Orb.
     0 | D:1      | Reached XP level 1. HP: 14/14 MP: 5/5
   538 | D:1      | Reached XP level 2. HP: 20/20 MP: 4/7
  1334 | D:2      | Reached XP level 3. HP: 26/26 MP: 4/9
  2092 | D:3      | Reached XP level 4. HP: 8/33 MP: 3/12
  2350 | D:3      | HP: 1/33 [orc/+0 whip (3)]
  2759 | D:3      | Identified the +11 sling of Income {flame, Int+5}
  2774 | D:3      | Noticed Grinder
  2823 | D:3      | Killed Grinder
  2824 | D:3      | Reached skill level 3 in Ranged Weapons
  2824 | D:3      | Reached XP level 5. HP: 38/38 MP: 14/14
  2824 | D:3      | Reached XP level 6. HP: 45/45 MP: 15/15
  3086 | D:4      | Reached skill level 4 in Ranged Weapons
  3451 | D:4      | Reached skill level 5 in Ranged Weapons
  3592 | D:4      | Reached XP level 7. HP: 48/50 MP: 16/16
  3647 | D:4      | Found a large runed translucent door.
  3648 | D:4      | Found a large runed translucent door.
  3655 | D:4      | Noticed a steam dragon
  3655 | D:4      | Noticed a steam dragon
  3680 | D:4      | Reached skill level 6 in Ranged Weapons
  3835 | D:4      | Found a large runed translucent door.
  3835 | D:4      | Found a large runed translucent door.
  4020 | D:4      | Reached skill level 7 in Ranged Weapons
  4326 | D:5      | Entered Level 5 of the Dungeon
  4534 | D:5      | Found a staircase to the Ecumenical Temple.
  4857 | D:5      | Reached XP level 8. HP: 57/57 MP: 17/17
  4862 | D:5      | Reached skill level 8 in Ranged Weapons
  5295 | D:6      | Noticed Duvessa
  5298 | D:6      | Noticed Dowan
  5309 | D:6      | Killed Duvessa
  5311 | D:6      | Killed Dowan
  5312 | D:6      | Reached skill level 9 in Ranged Weapons
  5407 | D:6      | Found Tufiof's Distillery.
  5574 | D:6      | Found a runed translucent door.
  5575 | D:6      | Noticed Crazy Yiuf
  5675 | D:6      | Killed Crazy Yiuf
  5936 | D:7      | Reached skill level 10 in Ranged Weapons
  6062 | D:7      | Noticed Prince Ribbit
  6074 | D:7      | Killed Prince Ribbit
  6075 | D:7      | Reached XP level 9. HP: 62/62 MP: 18/18
  6325 | D:7      | Reached skill level 11 in Ranged Weapons
  6385 | D:7      | Found a flagged portal.
  6509 | Bailey   | Entered a bailey
  6751 | Bailey   | Reached skill level 12 in Ranged Weapons
  7002 | Bailey   | Identified the ring "Louxicat" {rCorr Str+6}
  7302 | D:8      | Reached XP level 10. HP: 69/69 MP: 20/20
  7323 | D:8      | Noticed a five-headed hydra
  7329 | D:8      | Killed a five-headed hydra
  7330 | D:8      | Reached skill level 13 in Ranged Weapons
  8240 | D:9      | Found Idig's Magic Scroll Shoppe.
  8254 | D:9      | Noticed a rust devil
  8474 | D:9      | Found a staircase to the Lair.
  8493 | D:9      | Reached skill level 5 in Dodging
  8501 | D:9      | Reached skill level 14 in Ranged Weapons
  8848 | D:10     | Entered Level 10 of the Dungeon
  8852 | D:10     | Found a staircase to the Orcish Mines.
  8853 | D:10     | Noticed a two-headed ogre
  8858 | D:10     | Killed a two-headed ogre
  8859 | D:10     | Reached XP level 11. HP: 74/74 MP: 21/21
  9330 | D:10     | Found Onkinips's Assorted Antiques.
  9454 | D:11     | Noticed a boulder beetle
  9469 | D:11     | Killed a boulder beetle
  9509 | D:11     | Noticed an eight-headed hydra
  9516 | D:11     | Killed an eight-headed hydra
  9658 | D:11     | Noticed a two-headed ogre
  9663 | D:11     | Killed a two-headed ogre
  9804 | D:11     | Reached skill level 15 in Ranged Weapons
  9915 | D:11     | Noticed a two-headed ogre
  9919 | D:11     | Killed a two-headed ogre
 10037 | D:11     | Noticed a five-headed hydra
 10051 | D:11     | Noticed a two-headed ogre
 10064 | D:11     | Killed a five-headed hydra
 10073 | D:11     | Killed a two-headed ogre
 10381 | D:12     | Found Golij's Armour Shop.
 10567 | D:12     | Reached skill level 16 in Ranged Weapons
 10612 | D:12     | HP: 3/74 [very large slime creature (32)]
 10630 | D:12     | Slain by a shadow

Illustrated notes

Levels and vault maps discovered:
D:1:      dpeg_arrival_connections, layout_loops_corners
D:2:      layout_rooms, glass_columns_c
D:3:      layout_basic, nemelex_spade_bored_becter, portal_sewer_entry_e,
          uniq_grinder
D:4:      layout_basic, marbit_many_paths, minmay_hollow_rounded_squares
D:5:      layout_loops_ring, mainiacjoe_overflow_concentric_impassable,
          nicolae_hepliaklqana_hippocampus, grunt_dithmenos_smoke,
          minmay_temple_entry_statues_pillars
D:6:      layout_rooms, slow_altar_1, serial_shops, shop, kennysheep_boxes,
          uniq_duvessa, uniq_crazy_yiuf_cottage
D:7:      layout_loops_ring, tgw_kikubaaqudgha, nicolae_sif_muna_little_library,
          enter_bailey_2, hex_tiny, uniq_prince_ribbit1
D:8:      minmay_chambers_of_fours, layout_basic
D:9:      layout_rooms, nicolae_gozag_cash_rules_everything_around_me,
          mainiacjoe_overflow_brackets, mainiacjoe_overflow_surrounded_room,
          david_lair_generic, serial_shops, nicolae_stop_n_shop_1
D:10:     layout_roguey, mainiacjoe_overflow_24_doors, orc_0_dummy,
          serial_shops, shop, hangedman_abyss_or_decor_clamps
D:11:     layout_long_grid
D:12:     layout_cave_pools, serial_shops, nicolae_shop_statue_plus

Skill      XL: |  1  2  3  4  5  6  7  8  9 10 11 |
---------------+----------------------------------+-----
Spellcasting   | 2 3 4 |  4.2
Conjurations   | 4 |  4.0
Ranged Weapons | 3 5 7 10 12 14 16 | 16.1
Dodging        | 2 5 7 |  7.8
Stealth        | |  1.7

Action                   |  1- 3 |  4- 6 |  7- 9 | 10-12 || total
-------------------------+-------+-------+-------+-------++-------
 Fire: Sling             |    34 |    63 |   328 |   388 ||   813
 Cast: Magic Dart        |    79 |    35 |       |       ||   114
Evoke: Wand              |       |       |       |     6 ||     6
       Lightning rod     |       |       |       |     1 ||     1
  Use: Potion            |       |     1 |       |     3 ||     4
Armor: Robe              |     6 |     7 |    28 |    13 ||    54
       Troll leather arm |       |       |       |    11 ||    11
Dodge: Dodged            |    18 |    23 |    44 |    74 ||   159

Table legend: (Time is in decaauts)
 A = Elapsed time spent in this place.
 B = Non-inter-level travel time spent in this place.
 C = Inter-level travel time spent in this place.
 D = Time resting spent in this place.
 E = Time spent auto-exploring this place.
 F = Levels seen in this place.
 G = Mean time per level.
                   A        B        C        D        E       F      G
               +--------+--------+--------+--------+--------+-----+--------+
         Total |  10526 |   9976 |    550 |      0 |   8426 |  13 |  809.7 |
       Dungeon |   9899 |   9349 |    550 |      0 |   8001 |  12 |  824.9 |
        Bailey |    626 |    626 |      0 |      0 |    425 |   1 |  626.0 |
               +--------+--------+--------+--------+--------+-----+--------+

Top non-repeatable levels by time:
     D:4: 1258 daAuts
     D:1: 1230 daAuts
     D:3: 1021 daAuts
     D:8: 935 daAuts
     D:5: 882 daAuts
     D:2: 853 daAuts
     D:7: 820 daAuts
    D:11: 802 daAuts
  Bailey: 626 daAuts
     D:6: 615 daAuts
    D:10: 598 daAuts
     D:9: 576 daAuts
    D:12: 305 daAuts
